 Dungeon Crawl Stone Soup version 0.31-a0-632-g766dd24fdf (webtiles) character file.

Game seed: 16272857428830614379

4442 thirtiethelement the Skirmisher (level 10, -4/76 HPs)
             Began as a Demonspawn Hunter on Aug 26, 2023.
             Slain by webuiltaworld's ghost (15 damage)
             ... on level 8 of the Dungeon.
             The game lasted 00:28:32 (6161 turns).

thirtiethelement the Skirmisher (Demonspawn Hunter) Turns: 6161, Time: 00:28:32

Health: -4/76      AC: 10    Str: 12    XL:     10   Next: 15%
Magic:  10/10      EV: 15    Int: 10    God:
Gold:   262        SH:  0    Dex: 21    Spells: 9/9 levels left

rFire   . . .        a - +27 heavy crossbow "Sniper" {heavy, Acc+∞ SInv}
rCold   + + .        (shield currently unavailable)
rNeg    . . .        p - +2 ring mail {rPois}
rPois   +            J - +0 helmet
rElec   .            L - +0 cloak
rCorr   .            g - +1 pair of gloves
SInv    +            (no boots)
Will    .....        n - amulet "Oruris" {Faith rC+ Slay+5}
Stlth   ++           l - ring of protection from cold
HPRegen 0.32/turn    o - ring of poison resistance
MPRegen 0.12/turn

%: faith
@: lethally poisoned (-4 -> -7)
A: repulsion field 2, spiny 2, weakness stinger 2, deformed body, MP-powered
wands
a: no special abilities


You were on level 8 of the Dungeon.
You visited 2 branches of the dungeon, and saw 9 of its levels.
You also visited: Ossuary.

You collected 379 gold pieces.
You spent 117 gold pieces at shops.

Inventory:

Hand Weapons
 a - the +27 heavy crossbow "Sniper" (weapon) {heavy, Acc+∞ SInv}
   (You acquired it on level 4 of the Dungeon)

   Acc+∞: It never misses its target.
   SInv:      It lets you see invisible.
 b - a +1 long sword
 j - a +2 arbalest of flaming
 B - the +9 lance "Wyrmbane" {slay drac, rPois rF+ rC+ AC+3}
   (You took it off Maggie on level 6 of the Dungeon)

   AC+3:      It affects your AC (+3).
   rF+:       It protects you from fire.
   rC+:       It protects you from cold.
   rPois:     It protects you from poison
Missiles
 v - a throwing net
Armour
 g - a +1 pair of gloves (worn)
 p - a +2 ring mail of poison resistance (worn)
 r - the +1 robe of the End {rElec Str+4 Dex-2 Stlth+}
   (You found it on level 3 of the Dungeon)

   Str+4:     It affects your strength (+4).
   Dex-2:     It affects your dexterity (-2).
   rElec:     It insulates you from electricity.
   Stlth+:    It makes you more stealthy.
 C - +0 steam dragon scales
 J - a +0 helmet (worn)
 L - a +0 cloak (worn)
Jewellery
 l - a ring of protection from cold (left hand)
 n - the amulet "Oruris" (around neck) {Faith rC+ Slay+5}
   (You acquired it on level 4 of the Dungeon)

   [amulet of faith]

   Faith:     It allows you to gain divine favour quickly.
   Slay+5:    It affects your accuracy & damage with ranged weapons and melee
   (+5).
   rC+:       It protects you from cold.
 o - a ring of poison resistance (right hand)
 D - a ring of see invisible
Wands
 s - a wand of quicksilver (5)
 y - a wand of paralysis (14)
 A - a wand of iceblast (11)
 E - a wand of digging (3)
 K - a wand of flame (19)
Scrolls
 f - 6 scrolls of teleportation
 m - a scroll of enchant armour
 q - 4 scrolls of revelation
 t - 3 scrolls of immolation
 w - 2 scrolls of fear {unknown}
 G - a scroll of amnesia {unknown}
Potions
 c - 3 potions of curing
 d - 2 potions of brilliance {unknown}
 e - 2 potions of resistance {unknown}
 h - a potion of enlightenment
 i - a potion of cancellation {unknown}
 k - a potion of lignification
 u - 3 potions of attraction {unknown}
 x - 4 potions of heal wounds
 z - a potion of berserk rage {unknown}
 F - a potion of haste {unknown}
 H - 3 potions of invisibility
 I - 2 potions of might {unknown}


   Skills:
 + Level 5.8 Fighting
 + Level 5.7 Long Blades
 + Level 10.2 Ranged Weapons
 + Level 4.2 Armour
 + Level 3.4 Dodging
 + Level 2.6 Stealth


You had 9 spell levels left.
You didn't know any spells.
Your spell library contained the following spells:

 Spells                   Type           Power      Damage    Failure   Level
 Apportation              Tloc           0%         N/A       63%         1
 Magic Dart               Conj           0%         1d3       63%         1
 Necrotise                Necr           0%         1d4       63%         1
 Summon Small Mammal      Summ           0%         N/A       63%         1
 Cigotuvi's Dreadful Rot  Necr/Pois/Air  0%         N/A       77%         2
 Ensorcelled Hibernation  Hex/Ice        0%         N/A       77%         2
 Searing Ray              Conj           0%         2d4       77%         2
 Stone Arrow              Conj/Erth      0%         3d7       94%         3
 Anguish                  Hex/Necr       0%         N/A       100%        4
 Animate Armour           Summ/Erth      0%         N/A       100%        4
 Dispel Undead            Necr           0%         3d6       100%        4
 Fulminant Prism          Conj/Hex       0%         3d5       100%        4
 Alistair's Intoxication  Tmut/Pois      0%         N/A       100%        5
 Death Channel            Necr           0%         N/A       100%        6
 Lehudib's Crystal Spear  Conj/Erth      0%         10d2      100%        8


Dungeon Overview and Level Annotations

Branches:
Dungeon (8/15)             Temple (1/1) D:6         Ossuary (visited)
   Lair: D:8-11

Altars:
Cheibriados
Fedhas
Gozag
Hepliaklqana
Kikubaaqudgha
Makhleb
Nemelex Xobeh
Qazlal
Ru
Sif Muna
Trog
Uskayaw
Vehumet
Wu Jian
Xom
Yredelemnul

Shops:
D:7 =!   D:8 **

Portals:
Abyss: D:3

Annotations:
D:3 2 transporters, webuiltaworld's ghost, amateur KoHu
D:8 1 transporter, webuiltaworld's ghost, novice HOFi


Innate Abilities, Weirdness & Mutations

You are surrounded by a moderate repulsion field. (EV +3)
You are mostly covered in sharp spines.
You have a tail ending in a sharp stinger.
Armour fits poorly on your strangely shaped body.
You expend magic power (3 MP) to strengthen your wands.


Message History

Webuiltaworld's ghost turns its malevolent gaze towards you.
The gnoll shouts!
Press: ? - help, v - describe, . - travel
Here: webuiltaworld's ghost, wielding a weapon of flaming (fire blocked by a translucent stone wall)
The floor.
Okay, then.
There is a transporter here.
You enter the transporter and appear at another place.
The gnoll shouts!
You hear a shout! x2
The gnoll hits you but does no damage.
Fire: a) +27 heavy crossbow "Sniper" {heavy, Acc+∞ SInv}
Press: ? - help, Q - select action, (/) - cycle Shift-Dir - straight line, f - gnoll
Aim: a gnoll, wielding a +0 spear of pain (100% to hit)
You shoot a bolt. The bolt hits the gnoll!!
You kill the gnoll!
A gnoll comes into view.
It is wielding a +0 whip and carrying a wand of paralysis.
The gnoll sergeant hits you from afar with a +4 trident of venom!
You are poisoned.
Fire: a) +27 heavy crossbow "Sniper" {heavy, Acc+∞ SInv}
Press: ? - help, Q - select action, (/) - cycle Shift-Dir - straight line, f - gnoll
Aim: a gnoll, wielding a +0 whip and carrying a wand of paralysis (100% to hit)
You shoot a bolt. The bolt hits the gnoll!!!
You kill the gnoll!
You feel extremely sick.
Fire: a) +27 heavy crossbow "Sniper" {heavy, Acc+∞ SInv}
Press: ? - help, Q - select action, (/) - cycle Shift-Dir - straight line, f - webuiltaworld's ghost
Aim: webuiltaworld's ghost, wielding a weapon of flaming (100% to hit)
You shoot a bolt. The bolt hits webuiltaworld's ghost!!!!
Webuiltaworld's ghost is almost destroyed.
You feel very sick.
You hear a shout! x2
Webuiltaworld's ghost hits you!! Webuiltaworld's ghost burns you!
* * * LOW HITPOINT WARNING * * *
The gnoll sergeant closely misses you. Webuiltaworld's ghost hits you!
* * * LOW HITPOINT WARNING * * *
Webuiltaworld's ghost burns you.
* * * LOW HITPOINT WARNING * * *
Webuiltaworld's ghost is struck by your spines.
Webuiltaworld's ghost hits you!
You die...

.##.≈≈≈≈≈≈≈≈≈≈≈...≈≈≈≈≈≈≈≈≈≈≈..#
....≈≈≈≈≈≈≈≈≈≈≈...≈≈≈≈≈≈≈≈≈≈≈..#
.##.≈≈#####...........#####≈≈..#
.##.≈≈#.#g#.###.©.###.#.#.#≈≈.##
.##.≈≈#..g###g#####.###.gg#≈≈.#
....≈≈###...!Wgg../ . ..###≈≈.#
###.≈≈.8#g######g## ##.#8.≈≈.#
#.≈≈.##.#. #8W.#.⌠.#.##.≈≈.#
#.~~.#g.g #⌠@.....g.g#.~~.#
#.≈≈.##.# #8).#.⌠.#.##.≈≈.#
#.≈≈.8#.######'######.#8.≈≈.#
#.≈≈###g..............###≈≈.#
#.≈≈#g..###.#####.###...#≈≈.#
#.≈≈#.#.#.###.©.###.#g#g#≈≈.##
#.≈≈#####...........#####≈≈..#
#.≈≈≈≈≈≈≈≈≈≈≈≈~≈≈≈≈≈≈≈≈≈≈≈≈..#
#.≈≈≈≈≈≈≈≈≈≈≈≈~≈≈≈≈≈≈≈≈≈≈≈≈..#


You could see 2 gnoll sergeants, webuiltaworld's ghost and a gnoll.

Vanquished Creatures
  Maurice (D:8)
  Maggie (D:6)
  Sigmund (D:2)
  A wyvern (D:8)
  A steam dragon (D:8)
  6 water moccasins
  A black bear (D:7)
  2 orc warriors (D:7)
  4 ice beasts
  An ogre (D:4)
  2 centaurs (D:8)
  2 bullfrogs
  A kobold brigand (D:8)
  8 water moccasin zombies (Ossuary)
  3 scorpions
  5 wights (D:7)
  A killer bee (D:8)
  A howler monkey (D:8)
  2 jellies
  3 hounds
  6 orc priests
  3 iguanas
  4 orc wizards
  3 mummies
  2 gnolls (D:8)
  6 adders
  A shadow imp (D:7)
  A white imp (D:6)
  4 adder zombies (Ossuary)
  4 dart slugs
  18 orcs
  16 ball pythons
  5 bats
  8 endoplasms
  2 giant cockroaches
  7 goblins
  13 hobgoblins
  7 jackals
  3 quokkas
  7 frilled lizards
  3 gnoll zombies (Ossuary)
  2 hobgoblin zombies (Ossuary)
  11 kobolds
  5 kobold zombies (Ossuary)
  6 orc zombies (Ossuary)
  3 rats
197 creatures vanquished.

Notes
Turn   | Place    | Note
-------+----------+-------------------------------------------
     0 | D:1      | thirtiethelement the Demonspawn Hunter began the quest for
                  | the Orb.
     0 | D:1      | Reached XP level 1. HP: 16/16 MP: 1/1
    73 | D:1      | Reached skill level 4 in Ranged Weapons
   107 | D:1      | Gained mutation: You are surrounded by a mild repulsion
                  | field. (EV +2) [demonic ancestry]
   107 | D:1      | Reached XP level 2. HP: 17/22 MP: 2/2
   246 | D:1      | Reached XP level 3. HP: 27/27 MP: 3/3
   874 | D:2      | Gained mutation: You are partially covered in sharp spines.
                  | [demonic ancestry]
   874 | D:2      | Reached XP level 4. HP: 28/33 MP: 4/4
  1218 | D:2      | Noticed Sigmund
  1227 | D:2      | Killed Sigmund
  1228 | D:2      | Reached skill level 5 in Ranged Weapons
  1228 | D:2      | Reached skill level 1 in Armour
  1228 | D:2      | Reached skill level 1 in Stealth
  1228 | D:2      | Reached XP level 5. HP: 20/39 MP: 5/5
  1525 | D:3      | Found a one-way gate to the infinite horrors of the Abyss.
  1525 | D:3      | Noticed webuiltaworld's ghost (amateur KoHu)
  1535 | D:3      | Noticed a small abomination
  1552 | D:3      | Found a transporter.
  1598 | D:3      | Found a transporter.
  1680 | D:3      | Identified the +1 robe of the End {rElec Str+4 Dex-2
                  | Stlth+}
  1824 | D:3      | Reached XP level 6. HP: 46/46 MP: 6/6
  2026 | D:3      | Reached skill level 6 in Ranged Weapons
  2055 | D:3      | Found a faded altar of an unknown god.
  2257 | D:4      | You fall into a shaft and drop 1 floor!
  2257 | D:5      | Entered Level 5 of the Dungeon
  2292 | D:4      | Found a shimmering altar of Xom.
  2380 | D:4      | Reached skill level 1 in Long Blades
  2498 | D:4      | Found an opulent altar of Gozag.
  2791 | D:4      | Gained mutation: You are mostly covered in sharp spines.
                  | [demonic ancestry]
  2791 | D:4      | Reached XP level 7. HP: 52/52 MP: 7/7
  2800 | D:4      | Found a sparkling altar of Nemelex Xobeh.
  2802 | D:4      | Found an ancient bone altar of Kikubaaqudgha.
  2990 | D:4      | Identified 3 scrolls of acquirement
  2990 | D:4      | Acquired a +2 arbalest of flaming
  2992 | D:4      | Acquired the +27 heavy crossbow "Sniper" {heavy, Acc+∞
                  | SInv}
  2992 | D:4      | Found the +27 heavy crossbow "Sniper" {heavy, Acc+∞ SInv}
  2994 | D:4      | Acquired the amulet "Oruris" {Faith rC+ Slay+5}
  3070 | D:5      | Reached skill level 7 in Ranged Weapons
  3474 | D:6      | Gained mutation: You have a small tail. [demonic ancestry]
  3474 | D:6      | Reached XP level 8. HP: 60/60 MP: 8/8
  3553 | D:6      | Found a blossoming altar of Fedhas.
  3674 | D:6      | Found a staircase to the Ecumenical Temple.
  3689 | Temple   | Entered the Ecumenical Temple
  3755 | D:6      | Reached skill level 8 in Ranged Weapons
  3958 | D:6      | Noticed Maggie
  3960 | D:6      | Killed Maggie
  4371 | D:7      | Found a hazy altar of Hepliaklqana.
  4378 | D:7      | Reached skill level 9 in Ranged Weapons
  4603 | D:7      | Found Urhasius's Jewellery Shop.
  4669 | D:7      | Gained mutation: You have a tail ending in a sharp stinger.
                  | [demonic ancestry]
  4669 | D:7      | Reached XP level 9. HP: 67/67 MP: 9/9
  4697 | D:7      | Found a sand-covered staircase.
  4706 | Ossuary  | Entered an ossuary
  4723 | Ossuary  | Reached skill level 5 in Fighting
  4882 | D:7      | Gained mutation: You occasionally lose the ability to read
                  | scrolls when taking damage. [potion of mutation]
  4883 | D:7      | Lost mutation: You occasionally lose the ability to read
                  | scrolls when taking damage. [potion of mutation]
  4883 | D:7      | Gained mutation: You are occasionally teleported next to
                  | monsters. [potion of mutation]
  4883 | D:7      | Gained mutation: Your movements are slightly less
                  | encumbered by armour. (ER -2) [potion of mutation]
  4884 | D:7      | Lost mutation: Your movements are slightly less encumbered
                  | by armour. (ER -2) [potion of mutation]
  4884 | D:7      | Lost mutation: You are occasionally teleported next to
                  | monsters. [potion of mutation]
  4884 | D:7      | Gained mutation: You expend magic power (3 MP) to
                  | strengthen your wands. [potion of mutation]
  4884 | D:7      | Gained mutation: Armour fits poorly on your strangely
                  | shaped body. [potion of mutation]
  5299 | D:7      | Found Taexu's Distillery.
  5305 | D:7      | Bought a potion of enlightenment for 65 gold pieces
  5305 | D:7      | Bought a potion of lignification for 39 gold pieces
  5305 | D:7      | Bought a potion of degeneration for 13 gold pieces
  5522 | D:8      | Found a burning altar of Makhleb.
  5540 | D:8      | Found a transporter.
  5540 | D:8      | Found a transporter.
  5543 | D:8      | Found Nigut's Lightly-Used Armoury.
  5569 | D:8      | Reached skill level 5 in Long Blades
  5579 | D:8      | Identified the +2 scale mail "Kuona" {rF+ Regen+}
  5649 | D:8      | Found Zin's Purification Station.
  5803 | D:8      | Found a snail-covered altar of Cheibriados.
  5857 | D:8      | Reached skill level 10 in Ranged Weapons
  5857 | D:8      | Gained mutation: You are surrounded by a moderate repulsion
                  | field. (EV +3) [demonic ancestry]
  5857 | D:8      | Reached XP level 10. HP: 76/76 MP: 10/10
  5864 | D:8      | Noticed Maurice
  5867 | D:8      | Killed Maurice
  6119 | D:8      | Identified the ring "Pepinox" {Int+6 Dex+5}
  6124 | D:8      | Noticed webuiltaworld's ghost (novice HOFi)
  6161 | D:8      | Slain by webuiltaworld's ghost

Illustrated notes

Levels and vault maps discovered:
D:1:      heliophobic_arrival_glass_houses, layout_rooms, interstate_on_off,
          minmay_heptomino_w4
D:2:      layout_basic, uniq_sigmund
D:3:      layout_basic, chequers_ecumenical_altar_simple,
          gammafunk_ghost_abyssal_escape, kennysheep_flooded_box
D:4:      nicolae_cairo_tiling, layout_rooms, kennysheep_mini_moat,
          mainiacjoe_overflow_catch_the_wave, grunt_gozag_statues,
          chequers_serial_rivers_large_b
D:5:      layout_rooms
D:6:      layout_loops_cross, fedhas_altar_2, minmay_temple_entry_mini_moons,
          uniq_maggie
D:7:      layout_basic, nicolae_hepliaklqana_hazy_memory, serial_shops, shop,
          kennysheep_little_box, gup_ossuary_entry_pyramid
D:8:      layout_loops_ring, zin_purify, general_overflow_altar,
          mainiacjoe_overflow_catwalk_spiral, gammafunk_ghost_gnarly_gnolls,
          minmay_shop_damaged, nicolae_fountain_basement, uniq_maurice
Temple:   nicolae_temple_figure_zero

Skill      XL: |  1  2  3  4  5  6  7  8  9 |
---------------+----------------------------+-----
Ranged Weapons | 4 5 6 7 9 10 | 10.2
Dodging        | 2 3 |  3.4
Armour         | 1 2 3 4 |  4.2
Stealth        | 1 2 |  2.6
Fighting       | 3 4 5 |  5.8
Long Blades    | 1 2 5 |  5.7

Action                     |  1- 3 |  4- 6 |  7- 9 | 10-12 || total
---------------------------+-------+-------+-------+-------++-------
  Melee: Long sword        |       |    51 |    46 |       ||    97
         Tailslap          |       |       |     8 |       ||     8
   Fire: Shortbow          |   107 |   100 |       |       ||   207
         Heavy crossbow    |       |       |    77 |     9 ||    86
    Use: Scroll            |     1 |       |    15 |       ||    16
         Potion            |       |       |     3 |       ||     3
 Armour: Leather armour    |    18 |       |       |       ||    18
         Ring mail         |       |    23 |    30 |     1 ||    54
  Dodge: Dodged            |    62 |    46 |    52 |     1 ||   161

Table legend: (Time is in decaauts)
 A = Elapsed time spent in this place.
 B = Non-inter-level travel time spent in this place.
 C = Inter-level travel time spent in this place.
 D = Time resting spent in this place.
 E = Time spent auto-exploring this place.
 F = Levels seen in this place.
 G = Mean time per level.
                   A        B        C        D        E       F      G
               +--------+--------+--------+--------+--------+-----+--------+
         Total |   6434 |   6315 |    119 |    245 |   4121 |  10 |  643.4 |
       Dungeon |   6225 |   6106 |    119 |    245 |   4121 |   8 |  778.1 |
        Temple |      1 |      1 |      0 |      0 |      0 |   1 |    1.0 |
       Ossuary |    208 |    208 |      0 |      0 |      0 |   1 |  208.0 |
               +--------+--------+--------+--------+--------+-----+--------+

Top non-repeatable levels by time:
     D:7: 1006 daAuts
     D:3: 879 daAuts
     D:8: 860 daAuts
     D:6: 823 daAuts
     D:1: 784 daAuts
     D:4: 771 daAuts
     D:2: 698 daAuts
     D:5: 401 daAuts
 Ossuary: 208 daAuts
  Temple: 1 daAuts
